 Dungeon Crawl Stone Soup version 0.29.0-4-gdea44cf6ec (webtiles) character file.

Game seed: 1463932872571086250

427 qw the Chopper (level 6, -6/37 HPs)
             Began as a Tengu Warper on Aug 29, 2022.
             Killed by nerve-wracking pain
             ... invoked by an orc priest
              (14 damage)
             ... on level 3 of the Dungeon.
             The game lasted 00:00:56 (3630 turns).

qw the Chopper (Tengu Warper)                       Turns: 3630, Time: 00:00:57

Health: -6/37      AC:  6    Str: 13    XL:     6   Next: 97%
Magic:  10/10      EV: 11    Int: 13    God:
Gold:   121        SH:  0    Dex: 14    Spells: 9/9 levels left

rFire   . . .      SeeInvis .   Y - +0 hand axe
rCold   . . .      Faith    .   (no shield)
rNeg    . . .      Spirit   .   g - +0 scale mail
rPois   .          Reflect  .   (helmet restricted)
rElec   .          Harm     .   (no cloak)
rCorr   .          Rampage  .   (no gloves)
Will    .....                   (boots unavailable)
Stlth   ..........              (no amulet)
HPRegen 0.12/turn               (no ring)
MPRegen 0.12/turn               (no ring)

@: about to teleport, flying quickly and evasively, quick
A: beak, talons 3, nimble flight
a: no special abilities


You were on level 3 of the Dungeon.
You visited 1 branch of the dungeon, and saw 3 of its levels.
You also visited: Sewer.

You collected 151 gold pieces.
You spent 30 gold pieces at shops.


Innate Abilities, Weirdness & Mutations

You have a beak for a mouth.
You have claws for feet.
Your magical nature lets you fly swiftly and evasively.


   Skills:
 - Level 3.0 Fighting
 + Level 7.5 Axes
 - Level 1.0 Throwing
 - Level 1.1 Armour
 - Level 2.1 Dodging
 - Level 2.0 Spellcasting
 - Level 2.4 Translocations


You had 9 spell levels left.
You didn't know any spells.
Your spell library contained the following spells:

 Spells                   Type           Power      Damage    Failure   Level
 Blink                    Tloc           14%        N/A       56%         2
 Gell's Gravitas          Tloc           7%         N/A       80%         3
 Lesser Beckoning         Tloc           7%         N/A       80%         3
 Teleport Other           Tloc           7%         N/A       80%         3
 Manifold Assault         Tloc           7%         N/A       100%        5

Inventory:

Hand Weapons
 c - a +0 whip
 Y - a +0 hand axe (weapon)
Missiles
 h - a javelin (quivered)
Armour
 g - a +0 scale mail (worn)
Scrolls
 i - a scroll of teleportation
Potions
 a - a potion of lignification {unknown}
 b - a potion of cancellation {unknown}
 d - 3 potions of curing
 e - a potion of ambrosia {unknown}
 f - 2 potions of might

Dungeon Overview and Level Annotations

Branches:
Dungeon (3/15)              Sewer (visited)

Altars:

Shops:
D:1 [??(!

Annotations:
D:2 1 runed translucent door, Crazy Yiuf, Natasha


Message History

The kobold barely misses you.
You hit the kobold. Your peck misses the kobold.
The kobold is heavily wounded.
The kobold hits you but does no damage.
The orc priest mumbles some strange prayers to Beogh against you.
Beogh smites you!
You hit the kobold.
You kill the kobold!
You hit the orc but do no damage. Your kick misses the orc. You peck the orc.
The orc is heavily wounded.
You hit the orc.
The orc is severely wounded.
The orc hits you but does no damage.
You hit the orc but do no damage.
The orc is severely wounded.
You barely miss the orc priest. You barely miss the orc. You claw the orc.
You kill the orc!
You closely miss the orc priest. The orc priest hits you with a +0 whip.
You hit the orc priest.
You claw the orc priest, but do no damage.
The orc priest is moderately wounded.
The orc priest misses you.
You hit the orc priest. Your kick misses the orc priest.
The orc priest is moderately wounded.
An orc comes into view. It is wielding a +0 flail.
The orc priest invokes the aid of Beogh against you.
Beogh smites you!
3629 ||| READING 2 scrolls of teleportation.
As you read the scroll of teleportation, it crumbles to dust.
You feel strangely unstable. The orc priest closely misses you.
You hit the orc priest.
The orc priest is heavily wounded.
You hit the orc. The orc closely misses you.
The orc priest mumbles some strange prayers to Beogh against you.
Pain shoots through your body!
You die...

#.# #.# #.# #.# #
#.# # #.#.#.#
#####.#o#.#
.<[....@o.#
#####.#.### #.#.#
#.#.# #.#.#
#####.# #.#.#
......# #.#.#
##############.#.#
...............#.#


You could see an orc priest and an orc.

Vanquished Creatures
  Sigmund (D:2)
  Jessica (D:2)
  Natasha (D:2)
  A merfolk siren (Sewer)
  A merfolk avatar (Sewer)
  6 adders
  5 river rats
  2 orcs (D:3)
  14 ball pythons
  5 bats
  7 endoplasms
  4 giant cockroaches
  A goblin (D:2)
  4 hobgoblins
  2 kobolds
  3 quokkas
  4 frilled lizards
  26 rats
88 creatures vanquished.

Notes
Turn   | Place    | Note
-------+----------+-------------------------------------------
     0 | D:1      | qw the Tengu Warper began the quest for the Orb.
     0 | D:1      | Reached XP level 1. HP: 12/12 MP: 4/4
     0 | D:1      | 0 ||| qw: Version: 0.1-a-89-g26bdef1
     0 | D:1      | 0 ||| qw: Game counter: 3627
     0 | D:1      | 0 ||| qw: Always use a shield: true
     0 | D:1      | 0 ||| qw: God list: Okawaru
     0 | D:1      | 0 ||| qw: Allow faded altars: false
     0 | D:1      | 0 ||| qw: Do Orc after D:15 true
     0 | D:1      | 0 ||| qw: Do second Lair branch before Depths: true
     0 | D:1      | 0 ||| qw: Lair rune preference: random
     0 | D:1      | 0 ||| qw: Plans: Normal
     0 | D:1      | 0 ||| PLANNING D:1-11
    61 | D:1      | Found Ceadal's Magic Scroll Emporium.
    65 | D:1      | Found Lohuy's Armour Emporium.
    69 | D:1      | 69 ||| SHOPLISTING +0 chain mail (54 gold, have 12).
    69 | D:1      | 69 ||| SHOPLISTING +0 ring mail (48 gold, have 12).
    69 | D:1      | 69 ||| SHOPLISTING +0 robe of fire resistance (92 gold,
                  | have 12).
    69 | D:1      | 69 ||| SHOPLISTING +1 chain mail "Otaxkuah" {Regen+} (198
                  | gold, have 12).
   100 | D:1      | 100 ||| SHOPLISTING scroll of brand weapon (95 gold, have
                  | 12).
   100 | D:1      | 100 ||| SHOPLISTING scroll of enchant armour (75 gold, have
                  | 12).
   100 | D:1      | 100 ||| SHOPLISTING scroll of identify (20 gold, have 12).
   104 | D:1      | Found Ruvuhygu's Weapon Boutique.
   122 | D:1      | Found Taeph's Magic Scroll Shoppe.
   132 | D:1      | 132 ||| SHOPLISTING scroll of enchant weapon (105 gold,
                  | have 20).
   132 | D:1      | 132 ||| SHOPLISTING scroll of identify (28 gold, have 20).
   132 | D:1      | 132 ||| SHOPLISTING scroll of teleportation (42 gold, have
                  | 20).
   152 | D:1      | Reached XP level 2. HP: 17/17 MP: 6/6
   178 | D:1      | Reached skill level 3 in Axes
   455 | D:1      | Found Cikhlubus's Distillery.
   535 | D:1      | 535 ||| BUYING potion of curing (30 gold).
   535 | D:1      | Bought a potion of curing for 30 gold pieces
   535 | D:1      | 535 ||| SHOPLISTING potion of heal wounds (50 gold, have
                  | 3).
   535 | D:1      | 535 ||| SHOPLISTING potion of resistance (100 gold, have
                  | 3).
   585 | D:1      | Found a faded altar of an unknown god.
  1007 | D:1      | 1007 ||| DROPPING scarf of invisibility.
  1008 | D:1      | 1008 ||| READING scroll labelled HUFUNU AKHOIWKU.
  1011 | D:1      | 1011 ||| READING scroll labelled EXOOWI AXKAUCE.
  1012 | D:1      | 1012 ||| DROPPING scroll of blinking.
  1037 | D:2      | 1037 ||| STAIRDANCE
  1114 | D:2      | Found a runed translucent door.
  1115 | D:2      | Noticed Crazy Yiuf
  1146 | D:2      | Reached skill level 4 in Axes
  1146 | D:2      | Reached XP level 3. HP: 21/21 MP: 7/7
  1158 | D:2      | Noticed Jessica
  1159 | D:2      | 1159 ||| Stepping ~*~*~tactically~*~*~ (hiding).
  1169 | D:2      | 1169 ||| Stepping ~*~*~tactically~*~*~ (stealth).
  1170 | D:2      | 1170 ||| Stepping ~*~*~tactically~*~*~ (hiding).
  1180 | D:2      | 1180 ||| Stepping ~*~*~tactically~*~*~ (hiding).
  1183 | D:2      | HP: 5/21 [Jessica/+0 dagger (7)]
  1185 | D:2      | Killed Jessica
  1186 | D:2      | Reached XP level 4. HP: 7/26 MP: 8/8
  1186 | D:2      | 1186 ||| FLEEEEING.
  1187 | D:2      | 1187 ||| FLEEEEING.
  1188 | D:2      | 1188 ||| FLEEEEING.
  1189 | D:2      | 1189 ||| FLEEEEING.
  1190 | D:2      | 1190 ||| FLEEEEING.
  1191 | D:2      | 1191 ||| FLEEEEING.
  1192 | D:2      | 1192 ||| FLEEEEING.
  1193 | D:2      | 1193 ||| FLEEEEING.
  1194 | D:2      | 1194 ||| STAIRDANCE
  1417 | D:1      | 1417 ||| READING scroll labelled MUSOAGOT IHUO.
  1418 | D:1      | 1418 ||| READING scroll labelled VEDAAM INANT.
  1459 | D:2      | 1459 ||| Stepping ~*~*~tactically~*~*~ (stealth).
  1529 | D:2      | Noticed Sigmund
  1530 | D:2      | 1530 ||| Stepping ~*~*~tactically~*~*~ (hiding).
  1546 | D:2      | Killed Sigmund
  1547 | D:2      | Reached skill level 6 in Axes
  1547 | D:2      | Gained mutation: Your magical nature lets you fly swiftly
                  | and evasively. [Tengu growth]
  1547 | D:2      | Reached XP level 5. HP: 10/30 MP: 9/9
  1630 | D:2      | 1630 ||| FLEEEEING.
  1631 | D:2      | 1631 ||| FLEEEEING.
  1632 | D:2      | 1632 ||| FLEEEEING.
  1633 | D:2      | 1633 ||| FLEEEEING.
  1634 | D:2      | 1634 ||| FLEEEEING.
  1635 | D:2      | 1635 ||| FLEEEEING.
  1636 | D:2      | 1636 ||| FLEEEEING.
  1639 | D:2      | 1639 ||| FLEEEEING.
  1640 | D:2      | 1640 ||| FLEEEEING.
  1641 | D:2      | 1641 ||| FLEEEEING.
  1644 | D:2      | 1644 ||| FLEEEEING.
  1645 | D:2      | 1645 ||| FLEEEEING.
  1646 | D:2      | 1646 ||| FLEEEEING.
  1647 | D:2      | 1647 ||| STAIRDANCE
  1739 | D:1      | 1739 ||| UPGRADING to +2 robe of positive energy.
  1749 | D:1      | 1749 ||| DROPPING +0 leather armour.
  1793 | D:2      | 1793 ||| Stepping ~*~*~tactically~*~*~ (stealth).
  1794 | D:2      | 1794 ||| Stepping ~*~*~tactically~*~*~ (stealth).
  1831 | D:2      | Reached XP level 6. HP: 34/35 MP: 10/10
  1835 | D:2      | 1835 ||| DROPPING +0 club.
  1974 | D:2      | Noticed Natasha
  1980 | D:2      | Killed Natasha
  1981 | D:2      | Reached skill level 7 in Axes
  2210 | D:2      | Noticed Natasha
  2211 | D:2      | 2211 ||| Stepping ~*~*~tactically~*~*~ (stealth).
  2219 | D:2      | 2219 ||| Stepping ~*~*~tactically~*~*~ (stealth).
  2220 | D:2      | 2220 ||| Stepping ~*~*~tactically~*~*~ (stealth).
  2221 | D:2      | 2221 ||| Stepping ~*~*~tactically~*~*~ (stealth).
  2281 | D:2      | 2281 ||| UPGRADING to +0 scale mail.
  2291 | D:2      | 2291 ||| DROPPING +2 robe of positive energy.
  2292 | D:2      | 2292 ||| READING scroll labelled HYAMEOPEOT.
  2342 | D:3      | 2342 ||| PLANNING SEWER
  2441 | D:3      | 2441 ||| Stepping ~*~*~tactically~*~*~ (stealth).
  2444 | D:3      | 2444 ||| Stepping ~*~*~tactically~*~*~ (stealth).
  2504 | D:3      | Found a glowing drain.
  2687 | Sewer    | Entered a sewer
  2720 | Sewer    | 2720 ||| Stepping ~*~*~tactically~*~*~ (stealth).
  2909 | Sewer    | Reached skill level 3 in Fighting
  3418 | Sewer    | 3418 ||| READING scroll labelled HOACSO BIMA.
  3419 | Sewer    | 3419 ||| DRINKING 2 coppery potions.
  3420 | Sewer    | 3420 ||| DROPPING potion of flight.
  3451 | D:3      | 3451 ||| PLANNING D:1-11
  3628 | D:3      | HP: 7/37 [orc priest/divine providence (12)]
  3629 | D:3      | 3629 ||| READING 2 scrolls of teleportation.
  3630 | D:3      | Killed from afar by an orc priest

Levels and vault maps discovered:
D:1:      matt_arrival_grand_opening, layout_loops_ring,
          ebering_ecumenical_altar_mist, serial_shops,
          nicolae_shop_behind_doors, shop, shop, shop, nicolae_shop_statue_plus,
          roderic_serpentine_path, skrybe_limestone_x, minmay_tromino_v2
D:2:      layout_rooms, minmay_misc_feat_more_columns, hangedman_decor_points,
          uniq_sigmund, uniq_crazy_yiuf_cottage, uniq_jessica, uniq_natasha
D:3:      layout_loops_ring, portal_sewer_entry_e

Skill      XL: |  1  2  3  4  5  6 |
---------------+-------------------+-----
Axes           | 4 6 7 |  7.5
Fighting       | 3 |  3.0
Throwing       | |  1.0
Armour         | |  1.1
Dodging        | |  2.1
Spellcasting   | |  2.0
Translocations | |  2.4

Action                   |  1- 3 |  4- 6 || total
-------------------------+-------+-------++-------
Melee: Hand axe          |    43 |   173 ||   216
       Kick              |    13 |    43 ||    56
       Peck              |     5 |    28 ||    33
       Punch             |       |     1 ||     1
Throw: Boomerang         |     7 |       ||     7
       Javelin           |       |    20 ||    20
  Use: Scroll            |     2 |     5 ||     7
       Potion            |       |     1 ||     1
Armor: Leather armour    |    12 |     2 ||    14
       Robe              |       |     1 ||     1
       Scale mail        |       |    33 ||    33
Dodge: Dodged            |    24 |    62 ||    86

Table legend:
 A = Non-vault XP
 B = Vault XP
 C = Vault XP percentage of total XP
 D = Non-vault monster count
 E = Vault monster count
 F = Vault count percentage of total count
                 A         B        C        D         E       F
            +---------+---------+-------+---------+---------+-------
      Total |     113 |     498 |  81.5 |      40 |      48 |  54.5
            +---------+---------+-------+---------+---------+-------
        D:1 |      27 |       2 |   6.9 |      17 |       1 |   5.6
        D:2 |      56 |     295 |  84.0 |      14 |       3 |  17.6
        D:3 |      30 |      34 |  53.1 |       9 |       8 |  47.1
      Sewer |       0 |     167 | 100.0 |       0 |      36 | 100.0
            +---------+---------+-------+---------+---------+-------
